 Dungeon Crawl Stone Soup version 0.31-a0-1576-ga3383bade6 (webtiles) character file.

Game seed: 10855852047879100977

7 grandjackal the Ducker (level 1, -4/16 HPs)
             Began as a Demonspawn Gladiator on Jan 4, 2024.
             Succumbed to a goblin's poison
             ... on level 1 of the Dungeon.
             The game lasted 00:00:12 (71 turns).

grandjackal the Ducker (Demonspawn Gladiator)         Turns: 71, Time: 00:00:13

Health: -4/16      AC:  4    Str: 14    XL:     1   Next: 91%
Magic:  1/1        EV: 12    Int:  8    God:
Gold:   0          SH:  0    Dex: 14    Spells: 0/0 levels left

rFire   . . .        a - +0 war axe
rCold   . . .        (no shield)
rNeg    . . .        b - +0 leather armour
rPois   .            c - +0 helmet
rElec   .            (no cloak)
rCorr   .            (no gloves)
SInv    .            (no boots)
Will    .....        (no amulet)
Stlth   +            (no ring)
HPRegen 0.22/turn    (no ring)
MPRegen 0.07/turn

%: no passive effects
@: lethally poisoned (-4 -> -17)
A: no striking features
a: no special abilities


You were on level 1 of the Dungeon.
You visited 1 branch of the dungeon, and saw 1 of its levels.

Inventory:

Hand Weapons
 a - a +0 war axe (weapon)
Missiles
 d - 3 throwing nets (quivered)
 e - a javelin
Armour
 b - a +0 leather armour (worn)
 c - a +0 helmet (worn)


   Skills:
 + Level 2.2 Fighting
 + Level 2.8 Axes
 + Level 1.9 Throwing
 + Level 2.8 Dodging


You couldn't memorise any spells.
You didn't know any spells.
Your spell library was empty.

Dungeon Overview and Level Annotations

Branches:
Dungeon (1/15)

Altars:


Message History

You closely miss the rat. The rat bites you but does no damage.
The bat barely misses you. The rat misses you.
You barely miss the bat. You slash the rat!
You kill the rat!
The bat hits you but does no damage. The giant cockroach closely misses you.
You closely miss the giant cockroach. The bat hits you.
The giant cockroach closely misses you.
You closely miss the giant cockroach. The bat closely misses you.
The giant cockroach completely misses you.
The bat barely misses you. The giant cockroach barely misses you.
The goblin hits you with a +1 dagger of venom.
You are poisoned.
You barely miss the giant cockroach. You slash the hobgoblin!
You kill the hobgoblin!
You closely miss the goblin.
You feel very sick. The bat barely misses you. x2
The giant cockroach bites you but does no damage.
The goblin hits you but does no damage.
You are lethally poisoned!
You completely miss the goblin. Your punch misses the goblin.
You hit the giant cockroach.
You feel very sick. The bat hits you but does no damage.
The giant cockroach bites you but does no damage.
The goblin hits you with a +1 dagger of venom.
You are more poisoned.
The giant cockroach bites you but does no damage.
You slash the goblin!
You kill the goblin!
You closely miss the giant cockroach.
* * * LOW HITPOINT WARNING * * *
You feel very sick. The bat barely misses you.
The giant cockroach bites you but does no damage.
The giant cockroach closely misses you.
You aren't carrying any potions.
You barely miss the giant cockroach.
The giant cockroach is almost dead.
You die...

#.# #.# .......
#.# ....).. #.#
....... #.#
....... #.#
....... #.#
.......
#.#######Bb.....
#.......@†......
#########)......
##+####


You could see a giant cockroach and a bat.

Vanquished Creatures
  A goblin (D:1)
  2 hobgoblins (D:1)
  A bat (D:1)
  A kobold (D:1)
  3 rats (D:1)
8 creatures vanquished.

Notes
Turn   | Place    | Note
-------+----------+-------------------------------------------
     0 | D:1      | grandjackal the Demonspawn Gladiator began the quest for
                  | the Orb.
     0 | D:1      | Reached XP level 1. HP: 16/16 MP: 1/1
    71 | D:1      | Succumbed to a goblin's poison

Illustrated notes

Levels and vault maps discovered:
D:1:      ldierk_walled_garden_2, layout_basic

Action                     || total
---------------------------++-------
  Melee: War axe           ||    27
         Punch             ||     1
 Armour: Leather armour    ||    22
  Dodge: Dodged            ||    27

Table legend: (Time is in decaauts)
 A = Elapsed time spent in this place.
 B = Non-inter-level travel time spent in this place.
 C = Inter-level travel time spent in this place.
 D = Time resting spent in this place.
 E = Time spent auto-exploring this place.
 F = Levels seen in this place.
 G = Mean time per level.
                   A        B        C        D        E       F      G
               +--------+--------+--------+--------+--------+-----+--------+
         Total |     80 |     80 |      0 |      0 |     31 |   1 |   80.0 |
       Dungeon |     80 |     80 |      0 |      0 |     31 |   1 |   80.0 |
               +--------+--------+--------+--------+--------+-----+--------+

Top non-repeatable levels by time:
     D:1: 80 daAuts
